 Dungeon Crawl Stone Soup version 0.29.1-15-g9cfb28693d (webtiles) character file.

Game seed: 6726633927709445173

95 Heoruswealwe the Magician (level 4, -7/24 HPs)
             Began as a Deep Elf Earth Elementalist on Apr 27, 2023.
             Mangled by Terence
             ... wielding a +0 flail
              (13 damage)
             ... on level 3 of the Dungeon.
             The game lasted 00:23:02 (2174 turns).

Heoruswealwe the Magician (DEEE)                    Turns: 2174, Time: 00:23:03

Health: -7/24      AC:  2    Str:  5    XL:     4   Next: 40%
Magic:  10/13      EV: 12    Int: 22    God:
Gold:   81         SH:  0    Dex: 15    Spells: 7/13 levels left

rFire   . . .      SeeInvis .   (no weapon)
rCold   . . .      Faith    .   (no shield)
rNeg    . . .      Spirit   .   c - +0 robe
rPois   .          Reflect  .   (no helmet)
rElec   .          Harm     .   (no cloak)
rCorr   .          Rampage  .   (no gloves)
Will    .....                   (no boots)
Stlth   ++........              (no amulet)
HPRegen 0.08/turn               (no ring)
MPRegen 0.13/turn               (no ring)

@: no status effects
A: no striking features
a: no special abilities


You were on level 3 of the Dungeon.
You visited 1 branch of the dungeon, and saw 3 of its levels.

You collected 81 gold pieces.

Inventory:

Armour
 c - a +0 robe (worn)
 l - a +0 robe
Scrolls
 d - a scroll of silence {unknown}
 f - a scroll of blinking {unknown}
 g - 2 scrolls of teleportation {unknown}
 i - a scroll of butterflies {unknown}
 j - a scroll of vulnerability {unknown}
Potions
 a - a potion of berserk rage {unknown}
 b - a potion of magic
 e - 3 potions of brilliance {unknown}
 h - a potion of curing {unknown}
 k - a potion of ambrosia {unknown}


   Skills:
 - Level 2.4 Dodging
 - Level 2.4 Stealth
 + Level 5.0 Spellcasting
 - Level 1.1 Transmutations
 + Level 4.7 Earth Magic


You had 7 spell levels left.
You knew the following spells:

 Your Spells              Type           Power      Damage    Failure   Level
a - Sandblast             Erth           52%        2d12      1%          1
b - Stone Arrow           Conj/Erth      30%        3d8       12%         3
z - Passwall              Tmut/Erth      15%        N/A       4%          2

Your spell library contained the following spells:

 Spells                   Type           Power      Damage    Failure   Level
 Petrify                  Tmut/Erth      18%        N/A       30%         4


Dungeon Overview and Level Annotations

Branches:
Dungeon (3/15)

Altars:
Wu Jian

Shops:
D:2 (

Annotations:
D:3 Terence


Message History

Terence attacks as you move away! Terence closely misses you.
Terence says, "You're history."
Terence attacks as you move away! Terence barely misses you.
Terence attacks as you move away! Terence closely misses you.
There is an open door here.
Terence attacks as you move away! Terence hits you with a +0 flail.
There is an open door here.
The blast of sand hits Terence!
Terence is moderately wounded.
Terence shouts, "Get ready for death!"
Terence hits you with a +0 flail!
* * * LOW HITPOINT WARNING * * *
Casting: Sandblast (safe; 1% risk of failure)
Confirm with . or Enter, or press ? or * to list all spells.
Aiming: Sandblast (safe; 1% risk of failure)
Press: ? - help, Shift-Dir - straight line, f/p - Terence
Aim: Terence, wielding a +0 flail and wearing a +0 chain mail (moderately wounded, 87% to hit)
The blast of sand hits Terence but does no damage.
Terence is moderately wounded.
Terence closely misses you. Terence barely misses you.
The giant cockroach barely misses you.
You see here a +0 short sword.
There is an open door here.
Casting: Sandblast (safe; 1% risk of failure)
Confirm with . or Enter, or press ? or * to list all spells.
Aiming: Sandblast (safe; 1% risk of failure)
Press: ? - help, Shift-Dir - straight line, f/p - Terence
Aim: Terence, wielding a +0 flail and wearing a +0 chain mail (moderately wounded, 87% to hit)
The blast of sand hits the giant cockroach!!
You kill the giant cockroach!
Casting: Sandblast (safe; 1% risk of failure)
Confirm with . or Enter, or press ? or * to list all spells.
Aiming: Sandblast (safe; 1% risk of failure)
Press: ? - help, Shift-Dir - straight line, f/p - Terence
Aim: Terence, wielding a +0 flail and wearing a +0 chain mail (moderately wounded, 87% to hit)
The blast of sand hits Terence but does no damage.
Terence is moderately wounded.
Terence hits you with a +0 flail!
Ouch! That really hurt!
You die...

#.###..'##'##'##'##'.#.#
#......#..#.....#..###.#
###.#####.##..#+###'#..#
#.# ...# #..#..#
..#..###.# #.. ##.'..+
_..+..'.... ##.. ###..#
....#..###.. #...##
#).#+###+#..# #..#.##
###@.# #..#
#.....####.@##+##+ +##+
#.###........'.#.....#
#.....)...####>#.....#
####.....## #####+##+
#...#.# #.#.#.# #...#.#
#.#.#.# #.#.#.#


You could see Terence.

Vanquished Creatures
  Jessica (D:2)
  2 adders (D:2)
  2 worms (D:2)
  3 dart slugs
  7 ball pythons
  An endoplasm (D:2)
  2 giant cockroaches
  2 goblins
  5 hobgoblins (D:1)
  2 jackals (D:1)
  2 kobolds
  2 quokkas
  A bat (D:1)
  3 frilled lizards
  5 rats
40 creatures vanquished.

Notes
Turn   | Place    | Note
-------+----------+-------------------------------------------
     0 | D:1      | Heoruswealwe the Deep Elf Earth Elementalist began the
                  | quest for the Orb.
     0 | D:1      | Reached XP level 1. HP: 10/10 MP: 6/6
   439 | D:1      | Reached XP level 2. HP: 15/15 MP: 5/8
   442 | D:1      | Learned a level 2 spell: Passwall
   955 | D:1      | Reached skill level 4 in Spellcasting
  1181 | D:2      | Reached XP level 3. HP: 19/19 MP: 7/10
  1185 | D:2      | Learned a level 3 spell: Stone Arrow
  1793 | D:2      | Noticed Jessica
  1797 | D:2      | Killed Jessica
  1798 | D:2      | Reached XP level 4. HP: 24/24 MP: 10/12
  1800 | D:2      | Found Sazekhlucw's Weapon Boutique.
  1810 | D:2      | Reached skill level 5 in Spellcasting
  2149 | D:3      | Found an ornate altar of the Wu Jian Council.
  2149 | D:3      | Noticed Terence
  2174 | D:3      | Mangled by Terence

Illustrated notes

Levels and vault maps discovered:
D:1:      heliophobic_arrival_henge, layout_basic, kennysheep_pointless_box,
          minmay_octomino_c4
D:2:      minmay_chambers_of_ones, layout_loops_ring, serial_shops, shop,
          minivault_26, uniq_jessica
D:3:      layout_loops_corners, mainiacjoe_overflow_24_doors,
          chequers_mini_garden, uniq_terence

Skill      XL: |  1  2  3  4 |
---------------+-------------+-----
Spellcasting   | 4 5 |  5.0
Earth Magic    | 4 |  4.7
Dodging        | |  2.4
Stealth        | |  2.4
Transmutations | |  1.1

Action                   |  1- 3 |  4- 6 || total
-------------------------+-------+-------++-------
Melee: Unarmed           |     3 |       ||     3
 Cast: Sandblast         |    53 |     7 ||    60
       Passwall          |     6 |       ||     6
Armor: Robe              |    10 |       ||    10
Dodge: Dodged            |    22 |     6 ||    28
